 Dungeon Crawl Stone Soup version 0.30-a0-166-g5d06c95188 (webtiles) character file.

Game seed: 410230746887298675

345 qw the Chopper (level 6, 0/38 HPs)
             Began as a Gargoyle Fighter on Sept 28, 2022.
             Killed by nerve-wracking pain
             ... invoked by an orc priest
              (6 damage)
             ... on level 4 of the Dungeon.
             The game lasted 00:01:05 (3165 turns).

qw the Chopper (Gargoyle Fighter)                   Turns: 3165, Time: 00:01:06

Health: 0/38       AC: 17    Str: 22    XL:     6   Next: 58%
Magic:  6/6        EV: 10    Int:  8    God:
Gold:   256        SH:  4    Dex:  9    Spells: 5/5 levels left

rFire   . . .      SeeInvis .    Y - +0 war axe
rCold   . . .      Faith    .    c - +0 buckler
rNeg    + . .      Spirit   .    f - +0 plate armour
rPois   inf        Reflect  .    (no helmet)
rElec   +          Harm     .    (no cloak)
rCorr   .          Rampage  .    (no gloves)
Will    .....                    (no boots)
Stlth   ..........               (no amulet)
HPRegen 0.12/turn                a - +4 ring of evasion
MPRegen 0.10/turn                (no ring)

@: about to teleport
A: sickness immunity, AC +4, negative energy resistance 1, electricity
resistance, torment resistance 1, petrification resistance, iridescent scales 1,
evolution 1
a: no special abilities


You were on level 4 of the Dungeon.
You visited 1 branch of the dungeon, and saw 4 of its levels.

You collected 256 gold pieces.


Innate Abilities, Weirdness & Mutations

You are immune to sickness and miasma.
Your stone body is resilient. (AC +4)
You are immune to poison.
You resist negative energy. (rN+)
You are resistant to electric shocks. (rElec)
You are resistant to unholy torment.
You are immune to petrification.
You are partially covered in iridescent scales. (AC +2)
You have hidden genetic potential.


   Skills:
 - Level 4.1 Fighting
 + Level 5.8 Axes
 - Level 3.2 Armour
 - Level 3.2 Shields


You had 5 spell levels left.
You didn't know any spells.
Your spell library was empty.

Inventory:

Hand Weapons
 b - a +0 whip
 Y - a +0 war axe (weapon)
Missiles
 o - 5 boomerangs (quivered)
Armour
 c - a +0 buckler (worn)
 f - a +0 plate armour (worn)
Jewellery
 a - a +4 ring of evasion (left hand)
Scrolls
 k - a scroll of blinking {unknown}
 l - a scroll of identify
 m - 2 scrolls of noise {unknown}
 n - a scroll of silence {unknown}
Potions
 d - a potion of might
 e - a potion of mutation
 g - a potion of invisibility {unknown}
 h - a potion of flight {unknown}
 i - 2 potions of curing {unknown}

Dungeon Overview and Level Annotations

Branches:
Dungeon (4/15)
 Temple: D:4-7

Altars:
Wu Jian


Message History

Deactivating autopickup; reactivate with Ctrl-A.
The orc priest hits you with a +0 mace.
You closely miss the orc priest.
The orc priest is severely wounded.
You hit the jackal. You hit the orc. The jackal barely misses you.
The orc closely misses you.
The orc priest hits you but does no damage.
The jackal bites you but does no damage.
The orc priest invokes the aid of Beogh against you.
Beogh smites you!
The orc priest hits you but does no damage.
You hit the orc priest.
The orc priest is severely wounded.
You hit the jackal but do no damage. You hit something but do no damage.
The jackal barely misses you. Something hits you but does no damage.
The jackal bites you. The orc priest closely misses you.
You hit the orc priest.
The orc priest is almost dead.
You barely miss something. You barely miss the jackal.
The jackal closely misses you. Something hits you.
The orc priest hits you but does no damage.
The jackal barely misses you.
You closely miss the orc priest.
The orc priest is almost dead.
You hit the jackal.
You kill the jackal!
You closely miss something. Something hits you.
The orc priest hits you with a +0 mace.
3164 ||| READING scroll of teleportation.
As you read the scroll of teleportation, it crumbles to dust.
You feel strangely unstable. The orc priest hits you with a +0 mace.
Something hits you but does no damage.
The orc priest hits you but does no damage.
You barely miss the orc priest.
The orc priest is almost dead.
You closely miss the orc priest. You slash something!
The orc priest closely misses you. Something hits you but does no damage.
The orc priest invokes the aid of Beogh against you.
Pain shoots through your body!
You die...

#.............................#..
#.............................#..
#........<....................###
#................................
#.........############...........
#####.....#..........#...........
.. #.....+...[.o....#...........
.. #.....#....{oo...#...........
## ##+###@#####...(....... ..
........................ ..
........................ ..
........................ ..
.....................##+ ..
.....................#.. ..
.....................#.. .>
..#+#############....#.. ##
#........#....#..


You could see 2 orc priests and an orc.

Vanquished Creatures
  Grinder (D:3)
  A hound (D:4)
  An orc priest (D:4)
  An adder (D:3)
  A worm (D:1)
  3 dart slugs (D:2)
  2 orcs (D:4)
  3 bats
  7 endoplasms
  4 giant cockroaches
  7 goblins
  5 hobgoblins
  6 jackals
  6 kobolds
  A quokka (D:1)
  8 ball pythons
  4 frilled lizards
  4 rats
65 creatures vanquished.

Notes
Turn   | Place    | Note
-------+----------+-------------------------------------------
     0 | D:1      | qw the Gargoyle Fighter began the quest for the Orb.
     0 | D:1      | Reached XP level 1. HP: 14/14 MP: 1/1
     0 | D:1      | 0 ||| qw: Version: 0.2-a-12-gaebbb33
     0 | D:1      | 0 ||| qw: Game counter: 985
     0 | D:1      | 0 ||| qw: Always use a shield: true
     0 | D:1      | 0 ||| qw: God list: Okawaru
     0 | D:1      | 0 ||| qw: Allow faded altars: false
     0 | D:1      | 0 ||| qw: Do Orc after D:15 true
     0 | D:1      | 0 ||| qw: Do second Lair branch before Depths: true
     0 | D:1      | 0 ||| qw: Lair rune preference: random
     0 | D:1      | 0 ||| qw: Plans: Normal, Zot:1-4, God:TSO, Crypt, Tomb,
                  | Pan, Slime:5, Hells, Abyss, Orb
     0 | D:1      | 0 ||| PLANNING D:1-11
    95 | D:1      | Reached skill level 2 in Axes
    96 | D:1      | 96 ||| Stepping ~*~*~tactically~*~*~ (stealth).
   100 | D:1      | 100 ||| Stepping ~*~*~tactically~*~*~ (stealth).
   158 | D:1      | Reached XP level 2. HP: 19/19 MP: 2/2
   696 | D:1      | 696 ||| UPGRADING to +0 plate armour.
   706 | D:1      | 706 ||| DROPPING +0 scale mail.
   707 | D:1      | 707 ||| READING scroll labelled DOHODE QAQAUFF.
   725 | D:2      | 725 ||| STAIRDANCE
   734 | D:1      | Reached skill level 3 in Axes
   739 | D:2      | Reached XP level 3. HP: 23/23 MP: 3/3
   784 | D:2      | 784 ||| FLEEEEING.
   785 | D:2      | 785 ||| FLEEEEING.
   786 | D:2      | 786 ||| FLEEEEING.
   787 | D:2      | 787 ||| FLEEEEING.
   788 | D:2      | 788 ||| FLEEEEING.
   789 | D:2      | 789 ||| FLEEEEING.
   790 | D:2      | 790 ||| FLEEEEING.
   791 | D:2      | 791 ||| FLEEEEING.
  1052 | D:2      | 1052 ||| Stepping ~*~*~tactically~*~*~ (hiding).
  1055 | D:2      | 1055 ||| Stepping ~*~*~tactically~*~*~ (hiding).
  1567 | D:2      | 1567 ||| UPGRADING to +4 ring of evasion.
  1568 | D:2      | 1568 ||| READING scroll labelled URAERIERUOQ.
  1569 | D:2      | 1569 ||| READING scroll labelled QAJOQY JEBRIOST.
  1648 | D:3      | Reached XP level 4. HP: 28/28 MP: 4/4
  1731 | D:3      | Found a faded altar of an unknown god.
  1977 | D:3      | Reached skill level 4 in Axes
  2088 | D:3      | Noticed a bullfrog
  2315 | D:3      | Noticed Grinder
  2317 | D:3      | 2317 ||| FLEEEEING.
  2323 | D:3      | 2323 ||| FLEEEEING.
  2332 | D:3      | 2332 ||| STAIRDANCE
  2356 | D:2      | 2356 ||| DROPPING ring of flight.
  2357 | D:2      | 2357 ||| READING scroll labelled IDIBERENGU.
  2358 | D:2      | 2358 ||| DRINKING 2 purple potions.
  2358 | D:2      | Gained mutation: You have hidden genetic potential. [potion
                  | of mutation]
  2379 | D:3      | Paralysed by Grinder for 2 turns
  2382 | D:3      | HP: 6/28 [Grinder (6)]
  2383 | D:3      | 2383 ||| READING scroll of teleportation.
  2385 | D:3      | Killed Grinder
  2386 | D:3      | Reached skill level 5 in Axes
  2386 | D:3      | Reached XP level 5. HP: 7/32 MP: 5/5
  2386 | D:3      | Reached XP level 6. HP: 8/37 MP: 6/6
  2388 | D:3      | Gained mutation: You are partially covered in iridescent
                  | scales. (AC +2) [hidden potential]
  2640 | D:3      | 2640 ||| Stepping ~*~*~tactically~*~*~ (stealth).
  2665 | D:3      | Found an ornate altar of the Wu Jian Council.
  3086 | D:4      | 3086 ||| Stepping ~*~*~tactically~*~*~ (stealth).
  3097 | D:4      | 3097 ||| Stepping ~*~*~tactically~*~*~ (stealth).
  3163 | D:4      | HP: 7/38 [orc priest/+0 mace (3)]
  3164 | D:4      | 3164 ||| READING scroll of teleportation.
  3165 | D:4      | Killed from afar by an orc priest

Levels and vault maps discovered:
D:1:      kennysheep_arrival_seaside, layout_basic
D:2:      layout_rooms, bh_walls_and_bars
D:3:      layout_basic, mainiacjoe_overflow_brackets,
          hellmonk_ecumenical_altar_pennies_from_heaven, lightli_corner_chamber,
          uniq_grinder
D:4:      layout_gridville, fedhas_altar_1

Skill      XL: |  1  2  3  4  5  6 |
---------------+-------------------+-----
Axes           | 2 3 5 |  5.8
Fighting       | 4 |  4.1
Armour         | |  3.2
Shields        | |  3.2

Action                   |  1- 3 |  4- 6 || total
-------------------------+-------+-------++-------
Melee: War axe           |    89 |    88 ||   177
Throw: Boomerang         |       |    10 ||    10
  Use: Scroll            |     3 |     3 ||     6
       Potion            |       |     1 ||     1
Armor: Scale mail        |    16 |       ||    16
       Plate armour      |    35 |    56 ||    91
Dodge: Dodged            |    28 |    38 ||    66
Block: Buckler           |    16 |    22 ||    38

Table legend:
 A = Non-vault XP
 B = Vault XP
 C = Vault XP percentage of total XP
 D = Non-vault monster count
 E = Vault monster count
 F = Vault count percentage of total count
                 A         B        C        D         E       F
            +---------+---------+-------+---------+---------+-------
      Total |     217 |     277 |  56.1 |      64 |       1 |   1.5
            +---------+---------+-------+---------+---------+-------
        D:1 |      33 |       0 |   0.0 |      19 |       0 |   0.0
        D:2 |      42 |       0 |   0.0 |      19 |       0 |   0.0
        D:3 |      37 |     277 |  88.2 |      14 |       1 |   6.7
        D:4 |     105 |       0 |   0.0 |      12 |       0 |   0.0
            +---------+---------+-------+---------+---------+-------
